AoeStats
← Hakimi

Migration

505162949Analyzed
1v1 RM · 23d ago on Sep 8, 2026· 21m 57s· 2 players
Game mode
Random Map
Map size
132×132
Population
200
Speed
Normal
Resources
Standard
Victory
Conquest
Starting age
Dark Age
Ending age
Imperial Age
RankedLock teamsTeams togetherTeam positionsShared explorationLock speedFull tech treeHidden civsTurbo modeCheats
Victory
Defeat
🇨🇦 Khmer · Canada
947
+15
🇨🇳 Vikings · China
921
-15
Hakimi
7:15 Loom
9:40 Feudal Age
10:11 Fishing Lines
10:23 Double-Bit Axe
12:28 Horse Collar
18:18 Castle Age
16:06 Town Watch
16:51 Stone Mining
16:52 Gold Mining
19:32 Bow Saw
SizzlingReefer
11:02 Feudal Age
12:39 Double-Bit Axe
15:18 Fishing Lines
18:26 Wheelbarrow
19:34 Loom
23:05 Castle Age
21:53 Fletching
Connection lost

Rejoining the realm…

Still unreachable

The connection could not be restored.

Session expired

The server has moved on; the page needs a fresh start.